 Dungeon Crawl Stone Soup version 0.28.0 (webtiles) character file.

Game seed: 12432921866304605937

391 jjjjhere the Skirmisher (level 6, -9/58 HPs)
             Began as a Hill Orc Brigand on Feb 8, 2022.
             Killed from afar by Ijyb (19 damage)
             ... with a bolt of acid
             ... on level 4 of the Dungeon.
             The game lasted 00:05:02 (3475 turns).

jjjjhere the Skirmisher (Hill Orc Brigand)          Turns: 3475, Time: 00:05:02

Health: -9/58      AC:  7    Str: 16    XL:     6   Next: 80%
Magic:  6/6        EV: 11    Int: 11    God:
Gold:   84         SH:  5    Dex: 12    Spells: 5/5 levels left

rFire   . . .      SeeInvis +   u - +0 war axe
rCold   + . .      Faith    .   (no shield)
rNeg    . . .      Spirit   .   y - +3 leather armour {rC+}
rPois   .          Reflect  +   (no helmet)
rElec   .          Harm     .   c - +0 cloak
rCorr   .          Rampage  .   (no gloves)
Will    .....                   (no boots)
Stlth   ++........              x - amulet of reflection
HPRegen 0.19/turn               j - ring of see invisible
MPRegen 0.10/turn               (no ring)

@: no status effects
A: no striking features
a: no special abilities


You were on level 4 of the Dungeon.
You visited 1 branch of the dungeon, and saw 4 of its levels.

You collected 84 gold pieces.

Inventory:

Hand Weapons
 a - a +2 dagger
 m - a +1 dagger of venom
 u - a +0 war axe (weapon)
Missiles
 d - 8 poisoned darts
 e - 6 curare-tipped darts (quivered)
 g - 3 boomerangs
Armour
 c - a +0 cloak (worn)
 y - a +3 leather armour of cold resistance (worn)
Jewellery
 j - a ring of see invisible (left hand)
 x - an amulet of reflection (around neck)
Scrolls
 h - 3 scrolls of identify {unknown}
 k - a scroll of noise {unknown}
 l - 4 scrolls of teleportation {unknown}
 n - 2 scrolls of torment {unknown}
 q - a scroll of silence {unknown}
Potions
 f - 4 potions of curing {unknown}
 i - a potion of might {unknown}
 o - a potion of haste {unknown}
 p - a potion of brilliance {unknown}
 s - a potion of degeneration {unknown}
 t - a potion of lignification {unknown}
 w - a potion of magic {unknown}


   Skills:
 - Level 6.5 Fighting
 - Level 2.0 Short Blades
 + Level 5.5 Axes
 - Level 1.7 Throwing
 - Level 0.7 Dodging
 - Level 3.2 Stealth


You had 5 spell levels left.
You didn't know any spells.
Your spell library contained the following spells:

 Spells                   Type           Power      Damage    Failure   Level
 Beastly Appendage        Tmut           0%         N/A       41%         1
 Wereblood                Tmut           0%         N/A       54%         2
 Spider Form              Tmut/Pois      0%         N/A       78%         3


Dungeon Overview and Level Annotations

Branches:
Dungeon (4/15)
 Temple: D:4-7

Altars:
Dithmenos

Annotations:
D:3 1 runed translucent door, Crazy Yiuf
D:4 Eustachio, Ijyb


Message History

You blink.
The phantom barely misses you.
You slash the phantom!
You destroy the phantom!
Your Axes skill increases to level 5!
You start resting.
HP restored.
(D) Dungeon
Where to? (Enter - D:4, ? - help)
There is a stone staircase leading down here.
You climb downwards.
Level annotation: Eustachio, Ijyb
There is a stone staircase leading up here.
Ijyb is nearby!
Unknown command.
You slash Ijyb!
Ijyb is heavily wounded.
Ijyb zaps a wand.
The bolt of acid misses you.
You closely miss Ijyb.
Ijyb is heavily wounded.
Ijyb zaps a wand.
The bolt of acid misses you.
You slash Ijyb!
Ijyb is severely wounded.
Ijyb hits you with a +2 club. You block Ijyb's attack.
You hit Ijyb.
Ijyb is almost dead.
Ijyb barely misses you.
You barely miss Ijyb. Your punch misses Ijyb.
Ijyb is almost dead.
Ijyb misses you.
You barely miss Ijyb.
Ijyb is almost dead.
Ijyb hits you with a +2 club.
You hit Ijyb but do no damage.
Ijyb is almost dead.
Ijyb zaps a wand.
The bolt of acid hits you!!!
Ouch! That really hurt!
* * * LOW HITPOINT WARNING * * *
Ijyb zaps a wand.
The bolt of acid hits you!!
You die...

.......#...........
.......#...........
#.....+..........
#.....#......... .
#.[...##.....##
..##....?##.....########
.........##.....##......
..##....................
..##...@g....)..........
.............(......>...
.........#############+#
..##.....# . #.....#
#....... #.........
.............
.##.....##....


You could see Ijyb.

Vanquished Creatures
  Edmund (D:3)
  A phantom (D:3)
  An orc priest (D:3)
  A bullfrog skeleton (D:3)
  An orc wizard (D:3)
  Robin (D:3)
  3 gnolls (D:3)
  A worm (D:3)
  4 dart slugs
  9 orcs (D:3)
  7 bats
  2 endoplasms (D:2)
  A giant cockroach (D:2)
  8 goblins
  6 hobgoblins
  3 jackals (D:2)
  A quokka (D:2)
  2 ball pythons
  3 frilled lizards
  7 kobolds
  3 rats
66 creatures vanquished.

Notes
Turn   | Place    | Note
-------+----------+-------------------------------------------
     0 | D:1      | jjjjhere the Hill Orc Brigand began the quest for the Orb.
     0 | D:1      | Reached XP level 1. HP: 18/18 MP: 1/1
    52 | D:1      | Reached skill level 3 in Fighting
   112 | D:1      | Reached XP level 2. HP: 25/26 MP: 2/2
   600 | D:2      | Reached skill level 4 in Fighting
   667 | D:2      | Reached XP level 3. HP: 33/33 MP: 3/3
  1134 | D:3      | Noticed Robin
  1306 | D:3      | Reached skill level 5 in Fighting
  1306 | D:3      | Reached XP level 4. HP: 42/42 MP: 4/4
  1356 | D:3      | Killed Robin
  1357 | D:3      | Reached skill level 6 in Fighting
  1366 | D:3      | Reached XP level 5. HP: 39/50 MP: 5/5
  1771 | D:3      | HP: 16/51 [gnoll (4)]
  1941 | D:3      | Found a shadowy altar of Dithmenos.
  1952 | D:3      | Reached skill level 1 in Axes
  2196 | D:3      | Found a runed translucent door.
  2197 | D:3      | Noticed Crazy Yiuf
  2337 | D:3      | Found a faded altar of an unknown god.
  2719 | D:4      | Noticed a phantom
  2745 | D:4      | Noticed Eustachio
  2912 | D:4      | Noticed Edmund
  3087 | D:3      | Killed Edmund
  3088 | D:3      | Reached XP level 6. HP: 33/58 MP: 6/6
  3244 | D:4      | Noticed Ijyb
  3282 | D:3      | Reached skill level 5 in Axes
  3475 | D:4      | HP: 10/58 [Ijyb/bolt of acid (39)]
  3475 | D:4      | Killed from afar by Ijyb

Illustrated notes

Levels and vault maps discovered:
D:1:      minmay_arrival_open_corners, layout_rooms
D:2:      layout_basic
D:3:      layout_loops_cross, lemuel_round_altar,
          nicolae_overflow_ecumenical_swirl, uniq_robin, uniq_crazy_yiuf_cottage
D:4:      layout_gridville, nemelex_xobeh_ov_fountains_minmay,
          marbit_many_paths, uniq_ijyb, uniq_duvessa, uniq_edmund,
          uniq_eustachio

Skill      XL: |  1  2  3  4  5  6 |
---------------+-------------------+-----
Fighting       | 3 4 5 6 |  6.5
Axes           | 4 5 |  5.5
Short Blades   | |  2.0
Throwing       | |  1.7
Dodging        | |  0.7
Stealth        | |  3.2

Action                   |  1- 3 |  4- 6 || total
-------------------------+-------+-------++-------
Melee: Dagger            |    84 |   156 ||   240
       War axe           |       |    28 ||    28
       Punch             |       |     1 ||     1
Throw: Dart              |       |     1 ||     1
 Stab: Sleeping          |     5 |       ||     5
Armor: Robe              |    13 |       ||    13
       Leather armour    |     7 |    31 ||    38
       Scale mail        |       |     7 ||     7
Dodge: Dodged            |    51 |    81 ||   132
Block: Other             |       |     8 ||     8
